 Dungeon Crawl Stone Soup version 0.22.0-5-gf09313c8f9 (webtiles) character file.

3206 Htamos the Archer (level 9, 71/81 HPs)
             Began as a Centaur Earth Elementalist on Aug 14, 2018.
             Was a Follower of Okawaru.
             Starved to death
             ... on level 8 of the Dungeon.
             The game lasted 00:34:45 (16667 turns).

Htamos the Archer (Centaur Earth Elementalist)     Turns: 16667, Time: 00:34:45

Health: 71/81      AC: 19    Str: 14 (15) XL:     9   Next: 65%
Magic:  11/11      EV:  2    Int: 12 (14) God:    Okawaru [*.....]
Gold:   221        SH:  0    Dex:  8 (9)  Spells: 7/11 levels left

rFire    . . .     SeeInvis .   v - +0 morningstar
rCold    . . .     Gourm    .   (no shield)
rNeg     . . .     Faith    .   J - +8 plate armour
rPois    .         Spirit   .   K - +0 helmet
rElec    .         Reflect  .   (no cloak)
rCorr    .         Harm     .   (no gloves)
MR       .....                  (no barding)
Stlth    ..........             x - amulet of the acrobat
HPRegen  0.23/turn              (no ring)
MPRegen  0.12/turn              (no ring)

@: fainting, very quick
A: large, hooves 3, deformed body, speed 2, tough skin 3
a: Heroism, Renounce Religion


You were on level 8 of the Dungeon.
You worshipped Okawaru.
Okawaru was aware of your devotion.
You were fainting.

You visited 2 branches of the dungeon, and saw 10 of its levels.

You collected 357 gold pieces.
You spent 136 gold pieces at shops.

Inventory:

Hand Weapons
 b - a +0 hunting sling
 f - a +0 mace
 t - a +0 spear
 v - a +0 morningstar (weapon)
 y - a +0 great mace
 I - a +3 shortbow
Missiles
 E - 45 stones
 F - 20 sling bullets
 N - 8 tomahawks (quivered)
Armour
 c - a +0 robe
 D - a +0 chain mail
 G - a +0 chain mail
 J - a +8 plate armour (worn)
 K - a +0 helmet (worn)
Jewellery
 g - a +4 ring of intelligence {unknown}
 x - an amulet of the acrobat (around neck)
Scrolls
 i - 4 scrolls of remove curse
 j - 6 scrolls of identify
 k - 3 scrolls of magic mapping
 o - a scroll of blinking
 p - a scroll of noise
 s - a scroll of teleportation
 u - 2 scrolls of amnesia
Potions
 a - 3 potions of heal wounds
 e - 2 potions of lignification
 h - 2 potions of degeneration
 l - 2 potions of magic {unknown}
 m - a potion of haste {unknown}
 r - 2 potions of flight {unknown}
 z - a potion of cancellation {unknown}
 A - a potion of ambrosia {unknown}
 C - 2 potions of agility


   Skills:
 + Level 7.9 Fighting
 * Level 8.1 Bows
 + Level 6.0 Armour
 - Level 1.3 Dodging
 - Level 1.1 Stealth
 - Level 1.5 Spellcasting
   Level 0.8 Transmutations
 - Level 4.7 Earth Magic


You had 7 spell levels left.
You knew the following spells:

 Your Spells              Type           Power        Failure   Level  Hunger
a - Sandblast             Erth           ##....       96%         1    ##.....
b - Stone Arrow           Conj/Erth      #.....       100%        3    ####...

Your spell library contained the following spells:

 Spells                   Type           Power        Failure   Level  Hunger
 Confuse                  Hex            #.......     100%        3    ####...
 Confusing Touch          Hex            #.....       100%        1    ##.....
 Passwall                 Tmut/Erth      #.......     100%        2    ###....
 Metabolic Englaciation   Hex/Ice        #.........   100%        5    ######.
 Lee's Rapid Deconstruct  Erth           ##........   100%        5    ######.
 Petrify                  Tmut/Erth      #.......     100%        4    #####..
 Gell's Gravitas          Tloc           #.........   100%        3    ####...
 Yara's Violent Unravell  Hex/Tmut       #.........   100%        5    ######.


Dungeon Overview and Level Annotations

Branches:
Dungeon (9/15)             Temple (1/1) D:4            Lair (0/6) D:8
    Orc: D:9-12

Altars:
Ashenzari
Dithmenos
Elyvilon
Gozag
Hepliaklqana
Kikubaaqudgha
Okawaru
Qazlal
Ru
Sif Muna
Trog
Uskayaw
Vehumet
Xom
Yredelemnul
Zin

Shops:
D:4 }=%(

Annotations:
D:4 jt's ghost, amateur DsAK
D:5 exclusion: downstairs
D:8 Erica


Innate Abilities, Weirdness & Mutations

You have hooves in place of feet.
Armour fits poorly on your strangely shaped body.
You cover ground very quickly.
You have extremely tough skin. (AC +3)


Message History

The hungry ghost is heavily damaged.
The hungry ghost hits you.
You feel slightly more hungry.
You closely miss the hungry ghost. You kick the hungry ghost.
The hungry ghost is severely damaged.
The hungry ghost hits you.
You feel slightly more hungry. The hungry ghost hits you.
You feel slightly more hungry.
You miss the hungry ghost. Your kick misses the hungry ghost.
The hungry ghost is severely damaged.
The hungry ghost hits you.
You feel slightly more hungry.
You miss the hungry ghost.
The hungry ghost is severely damaged.
The hungry ghost hits you.
You feel slightly more hungry. The hungry ghost hits you.
You feel slightly more hungry.
You closely miss the hungry ghost.
The hungry ghost is severely damaged.
The hungry ghost hits you.
You closely miss the hungry ghost.
The hungry ghost is severely damaged.
You have starved to death.
You die...

#.# *,* #(#
*,* #.# *,*
#.#
*,********
#.#
*,>,,,,,,,
#.#
**********
#.# #W#
#@########
#........#
########.#
#.# #.# #.#
#.#
#.#########
#..........


You could see a hungry ghost.

Vanquished Creatures
  An orc warrior (D:3)
  3 ice beasts
  2 phantoms (D:6)
  4 ogres
  2 centaurs
  2 wolves
  5 bullfrogs
  5 scorpions
  4 wights (D:7)
  A howler monkey (D:6)
  7 crimson imps
  A centaur zombie (D:7)
  2 jellies
  6 hounds
  7 orc wizards
  A gnoll shaman (D:5)
  An orc priest (D:3)
  Jessica (D:2)
  4 iguanas
  4 worker ants
  2 hound skeletons
  4 gnolls
  4 adders
  An adder skeleton (D:5)
  3 worms
  A dart slug (D:4)
  8 leopard geckos
  17 orcs
  7 giant cockroaches
  5 hobgoblins
  12 jackals
  6 kobolds
  4 quokkas
  A ball python (D:4)
  8 bats
  5 frilled lizards
  4 goblins
  A jackal skeleton (D:6)
  A leopard gecko skeleton (D:6)
  6 rats
163 creatures vanquished.

Notes
Turn   | Place    | Note
-------+----------+-------------------------------------------
     0 | D:1      | Htamos the Centaur Earth Elementalist began the quest for the Orb.
     0 | D:1      | Reached XP level 1. HP: 14/14 MP: 3/3
   538 | D:1      | Reached XP level 2. HP: 22/22 MP: 1/4
   653 | D:1      | Reached skill level 1 in Fighting
  1274 | D:2      | Reached skill level 1 in Armour
  1280 | D:2      | Reached XP level 3. HP: 15/28 MP: 5/5
  1285 | D:2      | Learned a level 3 spell: Stone Arrow
  1714 | D:2      | Noticed Jessica
  1794 | D:2      | Killed Jessica
  1860 | D:2      | Reached XP level 4. HP: 34/36 MP: 1/6
  2929 | D:3      | Found a stormy altar of Qazlal.
  3277 | D:4      | Found Xautuupp's Food Boutique.
  3288 | D:4      | Reached XP level 5. HP: 41/42 MP: 7/7
  3904 | D:4      | Found a staircase to the Ecumenical Temple.
  4029 | D:4      | Found a glowing drain.
  4146 | D:4      | Noticed jt's ghost (amateur DsAK)
  4148 | D:4      | Found a runed door.
  4446 | D:4      | HP: 2/45 [jt's ghost (3)]
  4921 | D:4      | Found Noent's Antique Weapon Shoppe.
  4929 | D:4      | Bought a great mace for 136 gold pieces
  4942 | D:4      | HP: 2/45 [jt's ghost (9)]
  5273 | D:5      | Entered Level 5 of the Dungeon
  5377 | D:5      | Reached XP level 6. HP: 43/51 MP: 2/8
  5853 | D:5      | Noticed an ice beast
  6013 | D:5      | Killed an ice beast
  6013 | D:5      | Reached XP level 7. HP: 59/59 MP: 6/9
  6822 | D:5      | Reached skill level 5 in Fighting
  8386 | D:4      | Found Purr's Jewellery Shoppe.
  8515 | D:4      | Found Fafem's Gadget Shoppe.
  8725 | D:6      | Reached XP level 8. HP: 28/69 MP: 2/10
 10144 | D:6      | HP: 3/70 [centaur (2)]
 10145 | D:6      | HP: 1/71 [orc/short sword (3)]
 10548 | Temple   | Entered the Ecumenical Temple
 10631 | Temple   | Became a worshipper of Warmaster Okawaru
 11119 | D:5      | Reached skill level 1 in Bows
 11457 | D:6      | Reached skill level 2 in Bows
 11457 | D:6      | Reached skill level 5 in Armour
 11857 | D:5      | Reached skill level 3 in Bows
 12742 | D:7      | Found a bloodstained altar of Trog.
 12875 | D:7      | Reached skill level 4 in Bows
 13335 | D:7      | Reached XP level 9. HP: 41/79 MP: 11/11
 13362 | D:7      | Reached skill level 5 in Bows
 13655 | D:7      | Reached * piety under Okawaru
 14208 | D:7      | Reached skill level 6 in Bows
 15675 | D:8      | Reached skill level 7 in Bows
 15697 | D:8      | Noticed Erica
 15910 | D:7      | HP: 3/81 [wolf (5)]
 16290 | D:7      | Reached skill level 8 in Bows
 16632 | D:8      | Paralysed by fainting for 8 turns
 16667 | D:8      | Starved to death

Skill      XL: |  1  2  3  4  5  6  7  8  9 |
---------------+----------------------------+-----
Fighting       | 1 2 3 4 5 7 |  7.9
Earth Magic    | 3 4 |  4.7
Armour         | 1 2 3 4 5 6 |  6.0
Bows           | 4 8 |  8.1
Dodging        | |  1.3
Stealth        | |  1.1
Spellcasting   | |  1.5
Transmutations | |  0.8

Action                   |  1- 3 |  4- 6 |  7- 9 || total
-------------------------+-------+-------+-------++-------
Melee: Mace              |    85 |    86 |    38 ||   209
       Unarmed           |     5 |       |       ||     5
       Kick              |    11 |    28 |    77 ||   116
       Spear             |       |   115 |   290 ||   405
       Great mace        |       |    14 |       ||    14
       Morningstar       |       |       |   244 ||   244
 Fire: Shortbow          |       |       |   166 ||   166
       Hunting sling     |       |       |    55 ||    55
Throw: Stone             |       |       |    10 ||    10
       Tomahawk          |       |       |    65 ||    65
 Cast: Sandblast         |    14 |   106 |    47 ||   167
       Stone Arrow       |     5 |     3 |    18 ||    26
Evoke: Wand              |       |       |     6 ||     6
  Use: Scroll            |       |       |    18 ||    18
       Potion            |       |       |     7 ||     7
 Stab: Sleeping          |     1 |       |       ||     1
  Eat: Chunk             |     3 |     8 |    14 ||    25
       Ration            |       |     2 |    13 ||    15
Armor: Robe              |    55 |    81 |    16 ||   152
       Plate armour      |       |       |   481 ||   481
       Chain mail        |       |       |    51 ||    51
       Skin              |       |       |    19 ||    19
Dodge: Dodged            |    69 |   101 |   151 ||   321
